 Dungeon Crawl Stone Soup version 0.18.1-8-gdd0e5ea (webtiles) character file.

4174 Stalker837 the Nimble (level 10, -6/88 HPs)
             Began as a Black Draconian Berserker on June 9, 2016.
             Was a High Priest of Trog.
             Mangled by a killer bee (7 damage)
             ... on level 9 of the Dungeon.
             The game lasted 00:38:43 (8543 turns).

Stalker837 the Nimble (Black Draconian Berserker)   Turns: 8543, Time: 00:38:43

Health: -6/88      AC: 13    Str: 27    XL:     10   Next: 7%
Magic:  10/10      EV: 16    Int: 16    God:    Trog [*****.]
Gold:   576        SH:  0    Dex: 11    Spells: 0 memorised, 9 levels left

rFire  . . .     SeeInvis +     k - +0 dire flail (protect)
rCold  + . .     Gourm    .     (armour unavailable)
rNeg   . . .     Faith    +     (shield currently unavailable)
rPois  .         Spirit   .     (helmet restricted)
rElec  +         Dismiss  .     (no cloak)
rCorr  .         Reflect  .     I - +0 pair of gloves of Brilliance {Str+2 Int+8 Dex-2 SInv}
SustAt .         Harm     .     (no boots)
MR     ++...                    d - amulet of faith
Stlth  ++........               (no ring)
                                c - +3 ring of dexterity

@: lethally poisoned (-6 -> -6), starving, regenerating, drained, very resistant
to hostile enchantments, unstealthy
A: breathe lightning, unfitting armour, talons 1, cold resistance 1, electricity
resistance, strong 1, cold-blooded, AC +7
a: Breathe Lightning, Berserk, Trog's Hand, Brothers in Arms, Burn Spellbooks,
Renounce Religion


You were on level 9 of the Dungeon.
You worshipped Trog.
Trog was extremely pleased with you.
You were starving.

You visited 1 branch of the dungeon, and saw 9 of its levels.

You collected 576 gold pieces.

Inventory:

Hand Weapons
 a - a +0 spear
 b - a +0 giant club
 k - a +0 dire flail of protection (weapon)
 o - a +0 flail
 q - a cursed -3 short sword
 r - a +0 short sword of venom
 s - a +0 war axe
 z - a +1 scimitar of draining
 B - a +1 long sword of draining
 E - a +0 mace
 G - a +0 scythe
Missiles
 l - 5 steel javelins (quivered)
Armour
 f - a +1 leather armour
 h - a +0 scale mail
 i - a +0 robe
 n - a +0 leather armour
 I - the +0 pair of gloves of Brilliance (worn) {Str+2 Int+8 Dex-2 SInv}
   (You found it on level 6 of the Dungeon)

   It affects your strength (+2).
   It affects your intelligence (+8).
   It affects your dexterity (-2).
   It lets you see invisible.
 J - a +0 naga barding
Jewellery
 c - a +3 ring of dexterity (left hand)
 d - an amulet of faith (around neck)
 v - an uncursed amulet of the gourmand
 L - a +2 amulet of reflection
Wands
 t - a wand of iceblast (9/15)
 C - a wand of digging (14/24)
 F - a wand of digging (8/24)
 N - a wand of digging (7/24)
Scrolls
 g - 2 scrolls of fear
 j - 3 scrolls of amnesia
 p - 9 scrolls of identify
 w - 2 scrolls of fog
 y - 3 scrolls of teleportation
 A - a scroll of magic mapping
 K - a scroll of recharging {unknown}
 M - a scroll of remove curse {unknown}
 P - a scroll of blinking {unknown}
Potions
 m - 2 potions of cure mutation {unknown}
 u - 2 potions of flight
 H - a potion of brilliance {unknown}
 O - a potion of magic {unknown}
Comestibles
 x - 2 bread rations
 D - 2 fruits
 Q - a beef jerky


   Skills:
 + Level 7.8(7.7) Fighting
 - Level 1.6(1.5) Long Blades
 - Level 3.3(5.8) Axes
 * Level 6.2(6.6) Maces & Flails
 - Level 4.1(4.6) Polearms
 + Level 9.4(9.3) Dodging
 + Level 2.8(2.7) Stealth


You had 9 spell levels left.
You didn't know any spells.

Dungeon Overview and Level Annotations

Branches:
Dungeon (9/15)             Temple (0/1) D:5
   Lair: D:8-11         Orc: D:9-12

Altars:
Elyvilon
Makhleb
Pakellas
Qazlal
Vehumet
Xom
The Shining One

Annotations:
D:2 !


Innate Abilities, Weirdness & Mutations

You can breathe wild blasts of lightning.
Your glossy black scales are hard (AC +7).
Your body does not fit into most forms of armour.
You are resistant to electric shocks.
You are cold-blooded and may be slowed by cold attacks.
You have sharp toenails.
Your flesh is cold resistant.
Your muscles are strong. (Str +2)


Message History

You closely miss the killer bee.
The killer bee is heavily wounded.
* * * LOW HITPOINT WARNING * * *
You feel sick. The killer bee misses you.
You barely miss the killer bee. Your kick misses the killer bee.
The killer bee is heavily wounded.
You feel sick. The killer bee barely misses you.
Unknown command.
You hit the killer bee. Your kick misses the killer bee.
The killer bee is severely wounded.
You feel sick. The killer bee misses you.
You miss the killer bee. Your kick misses the killer bee.
Your tail-slap misses the killer bee.
The killer bee is severely wounded.
You feel sick.
The killer bee stings you but does no damage.
You barely miss the killer bee. Your kick misses the killer bee.
The killer bee is severely wounded.
You feel sick. The killer bee barely misses you. The killer bee stings you!
You die...

#......
#......######
+$..........
#..........
..........#
..........#
......y...#
.......@..#
....####### .


You could see a killer bee.

Vanquished Creatures
  Grinder (D:6)
  Sigmund (D:6)
  Eustachio (D:6)
  A hungry ghost (D:7)
  A phantom (D:6)
  A black bear (D:7)
  2 orc warriors
  A sky beast (D:5)
  An ice beast (D:6)
  5 centaurs
  4 ogres
  The ghost of sikrin the Conjurer, an amateur HECj (D:3)
  3 giant frogs
  2 scorpions
  15 killer bees (D:8)
  2 jellies
  A howler monkey (D:4)
  4 crimson imps
  A giant frog zombie (D:7)
  3 centaur zombies
  5 hounds
  4 orc priests
  A giant frog skeleton (D:7)
  Terence (D:3)
  Natasha (twice) (D:3)
  An iguana (D:4)
  5 orc wizards
  3 worker ants
  A mummy (D:6)
  A howler monkey skeleton (D:5)
  2 worker ant zombies
  10 adders
  A shadow imp (D:8)
  3 oozes
  An adder zombie (D:6)
  An adder skeleton (D:4)
  3 worms (D:4)
  2 dart slugs (D:3)
  4 giant geckos
  27 orcs
  3 giant cockroaches
  3 goblins
  7 hobgoblins
  13 jackals
  4 quokkas
  3 ball pythons
  6 bats
  A giant newt (D:5)
  3 hobgoblin zombies (D:6)
  11 kobolds
  An orc zombie (D:6)
  A quokka zombie (D:5)
  9 rats
194 creatures vanquished.

Vanquished Creatures (others)
  2 jackals (D:5)
2 creatures vanquished.

Grand Total: 196 creatures vanquished

Notes
Turn   | Place    | Note
--------------------------------------------------------------
     0 | D:1      | Stalker837 the Draconian Berserker began the quest for the Orb.
     0 | D:1      | Reached XP level 1. HP: 19/19 MP: 1/1
   201 | D:1      | Gained mutation: You have sharp toenails. [potion of mutation]
   201 | D:1      | Gained mutation: Your muscles are strong. (Str +2) [potion of mutation]
   201 | D:1      | Gained mutation: Your flesh is cold resistant. [potion of mutation]
   594 | D:1      | Reached XP level 2. HP: 26/26 MP: 2/2
   932 | D:2      | Reached skill level 3 in Dodging
   939 | D:2      | Reached ** piety under Trog
   979 | D:2      | Reached XP level 3. HP: 31/33 MP: 3/3
  1920 | D:2      | Found a glowing golden altar of the Shining One.
  1982 | D:3      | Noticed sikrin's ghost (amateur HECj)
  1992 | D:3      | Killed sikrin's ghost
  1992 | D:3      | Reached skill level 1 in Stealth
  1992 | D:3      | Reached XP level 4. HP: 40/41 MP: 4/4
  1992 | D:3      | Reached XP level 5. HP: 46/47 MP: 5/5
  2190 | D:3      | Noticed Terence
  2194 | D:3      | Killed Terence
  2194 | D:3      | Reached skill level 4 in Dodging
  2221 | D:3      | Reached *** piety under Trog
  2379 | D:3      | Noticed Natasha
  2390 | D:3      | Killed Natasha
  2410 | D:3      | Found a shimmering altar of Xom.
  2458 | D:3      | Found a shimmering altar of Xom.
  2782 | D:3      | Noticed Natasha
  2787 | D:3      | Killed Natasha
  2787 | D:3      | Reached XP level 6. HP: 53/53 MP: 6/6
  2967 | D:4      | Reached skill level 1 in Axes
  2969 | D:4      | Reached **** piety under Trog
  3252 | D:4      | Reached skill level 5 in Dodging
  3414 | D:4      | Reached skill level 5 in Fighting
  3421 | D:4      | Your scales start taking on a glossy black colour.
  3421 | D:4      | Reached XP level 7. HP: 51/61 MP: 7/7
  3421 | D:4      | Gained mutation: You are resistant to electric shocks. [Black Draconian growth]
  3523 | D:4      | Found an oddly glowing altar of Pakellas.
  3758 | D:5      | Entered Level 5 of the Dungeon
  4300 | D:5      | Found a staircase to the Ecumenical Temple.
  4501 | D:5      | Found a burning altar of Makhleb.
  4709 | D:5      | Found a stormy altar of Qazlal.
  4714 | D:5      | Reached skill level 1 in Long Blades
  4714 | D:5      | Reached skill level 6 in Dodging
  4994 | D:6      | Noticed Eustachio
  5005 | D:6      | Reached XP level 8. HP: 63/70 MP: 8/8
  5019 | D:6      | Killed Eustachio
  5071 | D:6      | Noticed Grinder
  5076 | D:6      | Paralysed by Grinder for 2 turns
  5091 | D:6      | Killed Grinder
  5091 | D:6      | Reached skill level 1 in Maces & Flails
  5091 | D:6      | Reached skill level 7 in Dodging
  5105 | D:6      | Reached ***** piety under Trog
  5356 | D:6      | Noticed Sigmund
  5367 | D:6      | Killed Sigmund
  5750 | D:6      | Got a pair of spiked gloves
  5756 | D:6      | Identified the +0 pair of gloves of Brilliance {Str+2 Int+8 Dex-2 SInv} (You found it on level 6 of the Dungeon)
  5828 | D:6      | Reached XP level 9. HP: 57/78 MP: 9/9
  6076 | D:6      | Reached skill level 8 in Dodging
  6488 | D:7      | Found a white marble altar of Elyvilon.
  6489 | D:7      | Found a radiant altar of Vehumet.
  6754 | D:7      | Reached skill level 5 in Maces & Flails
  7321 | D:8      | Received a gift from Trog
  7749 | D:8      | Reached skill level 9 in Dodging
  7904 | D:8      | HP: 4/80 [bounced beam (6)]
  7906 | D:8      | HP: 1/80 [killer bee (4)]
  7917 | D:8      | HP: 3/80 [shot self (4)]
  7967 | D:8      | Reached XP level 10. HP: 29/88 MP: 10/10
  8098 | D:8      | HP: 1/88 [centaur/arrow (13)]
  8537 | D:9      | HP: 1/88 [killer bee (11)]
  8542 | D:9      | HP: 1/88 [poisoned by a killer bee]
  8543 | D:9      | Mangled by a killer bee

Skill      XL: |  1  2  3  4  5  6  7  8  9 |
---------------+----------------------------+-----
Dodging        | 3 4 5 6 7 9 |  9.4
Fighting       | 4 5 6 7 |  7.8
Stealth        | 1 2 |  2.8
Polearms       | 4 |  4.1
Axes           | 1 3 |  3.3
Long Blades    | 1 |  1.6
Maces & Flails | 3 6 |  6.2

Action                   |  1- 3 |  4- 6 |  7- 9 | 10-12 || total
-------------------------+-------+-------+-------+-------++-------
Melee: Spear             |   115 |    80 |       |       ||   195
       Kick              |    23 |    40 |   151 |     9 ||   223
       Tailslap          |    12 |    26 |    63 |     6 ||   107
       War axe           |       |    76 |    16 |       ||    92
       Long sword        |       |       |   111 |       ||   111
       Dire flail        |       |       |   330 |    61 ||   391
Invok: Berserk           |     2 |     4 |     4 |       ||    10
       Trog's Hand       |       |       |     1 |     1 ||     2
       Burn Spellbooks   |       |       |     1 |       ||     1
 Abil: Breathe Lightning |       |       |     5 |       ||     5
  Use: Potion            |     4 |     2 |     5 |     3 ||    14
       Scroll            |     5 |     4 |     5 |       ||    14
 Stab: Distracted        |     1 |       |       |       ||     1
       Sleeping          |     2 |     1 |     2 |       ||     5
  Eat: Chunk             |     2 |     1 |     2 |       ||     5
       Bread ration      |     1 |     2 |       |       ||     3
       Beef jerky        |       |       |     1 |       ||     1
       Meat ration       |       |       |     3 |       ||     3
       Fruit             |       |       |     1 |     1 ||     2
       Pizza             |       |       |     1 |       ||     1
Armor: Skin              |    27 |    59 |   195 |    39 ||   320
Dodge: Dodged            |    73 |   167 |   504 |   112 ||   856
